 Dungeon Crawl Stone Soup version 0.29-a0-393-g47a863cc1b (webtiles) character file.

Game seed: 13557925237994880864

1456 HendSelp the Insei (level 8, 0/50 HPs)
             Began as an Octopode Transmuter on May 10, 2022.
             Succumbed to a killer bee's poison
             ... on level 5 of the Dungeon on May 11, 2022.
             The game lasted 00:08:01 (7079 turns).

HendSelp the Insei (Octopode Transmuter)            Turns: 7079, Time: 00:08:01

Health: 0/50       AC:  3    Str: 12    XL:     8   Next: 76%
Magic:  15/15      EV: 14    Int: 15    God:
Gold:   394        SH:  0    Dex: 12    Spells: 6/16 levels left

rFire   + . .      SeeInvis .     - Unarmed
rCold   + . .      Faith    .   (no shield)
rNeg    . . .      Spirit   .   (helmet restricted)
rPois   +          Reflect  .   (no amulet)
rElec   +          Harm     .   (no ring)
rCorr   +          Rampage  .   (no ring)
Will    .....                   (no ring)
Stlth   ++........              (no ring)
HPRegen 0.16/turn               (no ring)
MPRegen 0.14/turn               (no ring)
                                (no ring)
                                (no ring)

@: brilliant, lethally poisoned (0 -> -5), resistant, hasted, very quick
A: almost no armour, amphibious, 8 rings, camouflage 1, gelatinous body 1,
(nimble swimmer 1), tentacles, antennae 1, iridescent scales 1
a: no special abilities


You were on level 5 of the Dungeon.
You visited 1 branch of the dungeon, and saw 5 of its levels.

You collected 394 gold pieces.

Inventory:

Jewellery
 m - a ring of ice
Wands
 g - a wand of mindburst (9)
Scrolls
 a - 2 scrolls of identify
 l - 3 scrolls of teleportation
 n - a scroll of poison
Potions
 e - a potion of might
 f - a potion of magic
 h - a potion of attraction
 j - a potion of mutation


   Skills:
 + Level 2.0 Fighting
 + Level 3.7 Dodging
 + Level 6.7 Unarmed Combat
 + Level 4.6 Spellcasting
 * Level 6.4 Transmutations


You had 6 spell levels left.
You knew the following spells:

 Your Spells              Type           Power      Damage    Failure   Level
a - Beastly Appendage     Tmut           68%        N/A       1%          1
b - Wereblood             Tmut           34%        N/A       1%          2
c - Spider Form           Tmut/Pois      19%        N/A       14%         3
d - Ice Form              Ice/Tmut       19%        N/A       41%         4

Your spell library contained the following spells:

 Spells                   Type           Power      Damage    Failure   Level


Dungeon Overview and Level Annotations

Branches:
Dungeon (5/15)
 Temple: D:4-7

Altars:
Dithmenos

Shops:
D:5 *

Annotations:
D:3 1 runed translucent door, Crazy Yiuf


Innate Abilities, Weirdness & Mutations

You cannot wear most types of armour.
You are amphibious.
You can wear up to eight rings at the same time.
Your skin changes colour to match your surroundings (Stealth+).
Your rubbery body absorbs attacks. (AC +1, EV +1)
((You are camouflaged when in or above water. (Stealth+)))
You have tentacles for arms and can constrict up to eight enemies at once.
You have a pair of small antennae on your head.
You are partially covered in iridescent scales. (AC +2)


Message History

* * * LOW HITPOINT WARNING * * *
You feel sick. The killer bee stings you.
* * * LOW HITPOINT WARNING * * *
Unknown command.
Unknown command.
Unknown command.
Unknown command.
Unknown command.
Unknown command.
You closely miss the killer bee.
The killer bee is almost dead.
You constrict the killer bee.
You kill the killer bee!
* * * LOW HITPOINT WARNING * * *
You feel sick.
Unknown command.
Unknown command.
Unknown command.
Unknown command.
Unknown command.
Unknown command.
It was a potion of mutation.
You feel extremely strange.
Iridescent scales grow over part of your body.
A pair of antennae grows on your head!
* * * LOW HITPOINT WARNING * * *
You feel sick.
Unknown command.
It was a potion of brilliance.
You feel clever all of a sudden.
* * * LOW HITPOINT WARNING * * *
You feel sick.
Unknown command.
* * * LOW HITPOINT WARNING * * *
You feel sick.
Things that are here:
a +0 short sword of speed; an orc corpse
* * * LOW HITPOINT WARNING * * *
You feel sick.
You feel protected.
You die...

.####..#..#..##.#.....# #.#
.#.#..###.).##.#..#..###
#.#
.#.###..#..##.#..#.##..#
##'##
.#.†#..#####.#..#.##..###
#....
.##.###..##.#..#.#####..#
#....
.#...#..##.#..#.##†.#..###
#....
.#.#.###..#.÷#.##)..###..#
#....
.###..#.....#.##.)#..#..###
##.##
.#....###..#.##.@.##.###..#
#.#
#.##..#..#.##..#..#..#..###
#.#
###...##..##...##.##.###..#
#.# #...#.†'.##.!#.
..#..'...# #.#
###############
#######.####.#
..........##.#
#########.##.# #..#.#
##.#'##


There were no monsters in sight!

Vanquished Creatures
  Menkaure (D:5)
  2 black bears (D:5)
  An orc warrior (D:5)
  An ogre (D:5)
  2 phantoms
  2 necrophages (D:5)
  2 scorpions (D:5)
  A killer bee (D:5)
  2 orc priests
  2 hounds (D:5)
  A gnoll shaman (D:5)
  Jessica (D:2)
  3 iguanas (D:5)
  2 orc wizards
  Natasha (thrice) (D:3)
  Robin (D:3)
  A gnoll (D:1)
  7 adders
  2 worms
  2 dart slugs
  7 orcs
  11 endoplasms
  2 giant cockroaches
  9 hobgoblins
  8 kobolds
  4 quokkas
  7 ball pythons
  7 bats
  3 frilled lizards (D:1)
  10 goblins
  5 rats
112 creatures vanquished.

Notes
Turn   | Place    | Note
-------+----------+-------------------------------------------
     0 | D:1      | HendSelp the Octopode Transmuter began the quest for the
                  | Orb.
     0 | D:1      | Reached XP level 1. HP: 13/13 MP: 3/3
   236 | D:1      | Reached XP level 2. HP: 8/18 MP: 3/5
   766 | D:1      | Reached XP level 3. HP: 14/23 MP: 4/6
  1607 | D:1      | Learned a level 2 spell: Wereblood
  1611 | D:1      | Learned a level 3 spell: Spider Form
  1993 | D:2      | Found a shadowy altar of Dithmenos.
  2025 | D:2      | Noticed Jessica
  2040 | D:2      | Killed Jessica
  2041 | D:2      | Reached XP level 4. HP: 17/28 MP: 4/7
  2510 | D:2      | Found a faded altar of an unknown god.
  3255 | D:3      | Found a runed translucent door.
  3256 | D:3      | Noticed Crazy Yiuf
  3391 | D:3      | Reached XP level 5. HP: 26/33 MP: 4/9
  3584 | D:3      | Noticed Natasha
  3590 | D:3      | Killed Natasha
  3685 | D:3      | Noticed Natasha
  3692 | D:3      | Killed Natasha
  3710 | D:3      | Noticed Natasha
  3714 | D:3      | Killed Natasha
  3715 | D:3      | Reached XP level 6. HP: 27/38 MP: 8/10
  4118 | D:3      | Noticed Robin
  4130 | D:3      | Killed Robin
  4307 | D:3      | Learned a level 4 spell: Ice Form
  5312 | D:5      | Entered Level 5 of the Dungeon
  5354 | D:5      | Noticed Menkaure
  5357 | D:5      | Reached skill level 5 in Unarmed Combat
  5367 | D:5      | Killed Menkaure
  5368 | D:5      | Reached XP level 7. HP: 27/43 MP: 12/12
  5705 | D:5      | Reached skill level 5 in Transmutations
  6057 | D:5      | Reached XP level 8. HP: 35/48 MP: 11/14
  6148 | D:5      | Found Weumm's CLEARANCE SALE!.
  7069 | D:5      | HP: 2/50 [killer bee (9)]
  7075 | D:5      | Gained mutation: You are partially covered in iridescent
                  | scales. (AC +2) [potion of mutation]
  7075 | D:5      | Gained mutation: You have a pair of small antennae on your
                  | head. [potion of mutation]
  7077 | D:5      | HP: 2/50 [poisoned by a killer bee]
  7079 | D:5      | Succumbed to a killer bee's poison

Illustrated notes

Levels and vault maps discovered:
D:1:      lightli_arrival_chessboard, layout_basic, minmay_misc_feat_enclosed,
          amcnicky_mini_rare_corridor_liquid, minmay_tromino_v7
D:2:      layout_basic, basic_altar, shapermc_ecumenical_altar_ellora,
          uniq_jessica
D:3:      layout_loops_ring, chequers_serial_rivers_marsh,
          uniq_crazy_yiuf_cottage, uniq_natasha, uniq_robin
D:4:      layout_loops_cross
D:5:      minmay_razor_zed, layout_basic, nicolae_shop_clearance, uniq_menkaure

Skill      XL: |  1  2  3  4  5  6  7  8 |
---------------+-------------------------+-----
Unarmed Combat | 4 5 6 |  6.7
Transmutations | 3 4 5 6 |  6.4
Spellcasting   | 3 4 |  4.6
Dodging        | 3 |  3.7
Fighting       | 2 |  2.0

Action                   |  1- 3 |  4- 6 |  7- 9 || total
-------------------------+-------+-------+-------++-------
Melee: Unarmed           |    67 |   114 |    85 ||   266
       Constrict         |    16 |    26 |    19 ||    61
       Tentacles         |    10 |    19 |    16 ||    45
       Kick              |    12 |    37 |    37 ||    86
       Punch             |       |     5 |     5 ||    10
 Cast: Beastly Appendage |    22 |    33 |    14 ||    69
       Wereblood         |     1 |     7 |     3 ||    11
  Use: Scroll            |       |    13 |       ||    13
       Potion            |       |     2 |    11 ||    13
 Stab: Sleeping          |    10 |     4 |       ||    14
Armor: Skin              |       |    12 |     5 ||    17
Dodge: Dodged            |    38 |    47 |    64 ||   149

Table legend: (Time is in decaauts)
 A = Elapsed time spent in this place.
 B = Non-inter-level travel time spent in this place.
 C = Inter-level travel time spent in this place.
 D = Time resting spent in this place.
 E = Time spent auto-exploring this place.
 F = Levels seen in this place.
 G = Mean time per level.
                   A        B        C        D        E       F      G
               +--------+--------+--------+--------+--------+-----+--------+
         Total |   7065 |   6949 |    116 |    170 |   6011 |   5 | 1413.0 |
       Dungeon |   7065 |   6949 |    116 |    170 |   6011 |   5 | 1413.0 |
               +--------+--------+--------+--------+--------+-----+--------+

Top non-repeatable levels by time:
     D:5: 1754 daAuts
     D:1: 1664 daAuts
     D:2: 1504 daAuts
     D:3: 1160 daAuts
     D:4: 982 daAuts
